 Dungeon Crawl Stone Soup version 0.27-a0-1301-g128193abf8 (webtiles) character file.

Game seed: 6834427176006237239

17696 27snakeeyes612 the Fighter (level 12, 0/113 HPs)
             Began as a Minotaur Berserker on June 17, 2021.
             Was a High Priest of Trog.
             Slain by an efreet (2 damage)
             ... on level 13 of the Dungeon.
             The game lasted 00:09:29 (12880 turns).

27snakeeyes612 the Fighter (Minotaur Berserker)    Turns: 12880, Time: 00:09:30

Health: 0/113      AC: 21    Str: 28    XL:     12   Next: 21%
Magic:  11/11      EV: 16    Int:  4    God:    Trog [*****.]
Gold:   678        SH:  0    Dex: 14    Spells: 11/11 levels left

rFire    . . .     SeeInvis .   E - +5 war axe (freeze)
rCold    + . .     Faith    .   (no shield)
rNeg     . . .     Spirit   .   F - +0 plate armour
rPois    .         Reflect  .   (helmet restricted)
rElec    .         Harm     .   (no cloak)
rCorr    .         Rampage  .   O - +1 pair of gloves of Mellept {Slay+2}
Will     .....                  o - +2 pair of boots
Stlth    ..........             (no amulet)
HPRegen  0.28/turn              Q - ring of Bavvaewu {rC+ Str+2 Dex+3}
MPRegen  0.12/turn              v - +4 ring of evasion

@: no status effects
A: horns 2, retaliatory headbutt
a: Renounce Religion, Berserk, Trog's Hand, Brothers in Arms


You were on level 13 of the Dungeon.
You worshipped Trog.
Trog was extremely pleased with you.
You visited 1 branch of the dungeon, and saw 13 of its levels.
You also visited: Sewer.

You collected 808 gold pieces.
You spent 130 gold pieces at shops.

Inventory:

Hand Weapons
 a - a +0 hand axe
 j - a +1 war axe
 C - a +1 morningstar of draining
 E - a +5 war axe of freezing (weapon)
 I - a +1 vorpal broad axe
 L - a +0 battleaxe
Missiles
 g - 2 throwing nets
 H - 7 curare-tipped darts
Armour
 b - a +0 animal skin
 d - a +0 chain mail
 e - a +1 ring mail
 o - a +2 pair of boots (worn)
 F - a +0 plate armour (worn)
 O - the +1 pair of gloves of Mellept (worn) {Slay+2}
   (You found it on level 8 of the Dungeon)

   It affects your accuracy and damage with ranged weapons and melee attacks
   (+2).
Jewellery
 t - a +6 ring of dexterity
 v - a +4 ring of evasion (right hand)
 G - the ring of Boiqul {rC+ rN+ rCorr Str-3 Int+6}
   (You found it on level 7 of the Dungeon)

   [ring of intelligence]

   It affects your strength (-3).
   It affects your intelligence (+6).
   It protects you from cold.
   It protects you from negative energy.
   It protects you from acid and corrosion.
 N - a ring of wizardry
 Q - the ring of Bavvaewu (left hand) {rC+ Str+2 Dex+3}
   (You found it on level 8 of the Dungeon)

   [ring of protection from cold]

   It affects your strength (+2).
   It affects your dexterity (+3).
   It protects you from cold.
Wands
 h - a wand of flame (99)
 u - a wand of iceblast (8)
 y - a wand of acid (7)
 J - a wand of polymorph (13)
 P - a wand of mindburst (22)
Scrolls
 f - 3 scrolls of enchant weapon
 l - 2 scrolls of immolation
 m - 3 scrolls of fear
 q - a scroll of holy word
 x - 2 scrolls of blinking
 A - a scroll of silence
 D - 6 scrolls of teleportation
 R - 2 scrolls of identify
 T - a scroll of acquirement {unknown}
Potions
 c - 3 potions of degeneration
 i - 2 potions of flight
 k - 6 potions of heal wounds
 n - 5 potions of curing
 p - a potion of attraction
 r - a potion of ambrosia
 s - 5 potions of brilliance
 w - a potion of magic
 z - 5 potions of invisibility
 B - 2 potions of cancellation {unknown}
 K - a potion of might
 M - 4 potions of haste {unknown}
 S - a potion of resistance {unknown}


   Skills:
 + Level 12.4 Fighting
 + Level 12.4 Axes
 + Level 12.0 Armour
 + Level 11.2 Dodging


You had 11 spell levels left.
You didn't know any spells.
Your spell library was empty.

Dungeon Overview and Level Annotations

Branches:
Dungeon (13/15)            Temple (0/1) D:4            Lair (0/6) D:8
    Orc (0/2) D:11          Sewer (visited)
 Vaults: D:13-14

Altars:
Hepliaklqana
Okawaru
Qazlal
Ru
Uskayaw
Yredelemnul
The Shining One

Shops:
D:2 (   D:6 *   D:8 !   D:11 (


Innate Abilities, Weirdness & Mutations

You have a pair of horns on your head.
You reflexively headbutt those who attack you in melee.


Message History

You are too injured to fight recklessly!
You are too injured to fight recklessly!
You are too injured to fight recklessly!
You are too injured to fight recklessly!
You are too injured to fight recklessly!
Unknown command.
You are too injured to fight recklessly!
Unknown command.
You slice the killer bee!! You freeze the killer bee.
You kill the killer bee!
Trog accepts your kill. The efreet gestures at you.
The bolt of fire misses you.
The efreet hits you with a +1 scimitar of flaming.
The efreet burns you.
You see here a hydra corpse.
You hit the efreet but do no damage. The efreet gestures at you.
The fireball explodes!
The fireball engulfs you.
* * * LOW HITPOINT WARNING * * *
The fireball engulfs the efreet.
The efreet completely resists.
You hear an angry buzzing noise. x7; You hear a shout! x2
You hear an angry buzzing noise. x2
You slash the efreet! You freeze the efreet.
You headbutt the efreet, but do no damage.
The efreet is heavily wounded.
The efreet gestures at you.
The fireball explodes!
The fireball engulfs you!!
* * * LOW HITPOINT WARNING * * *
The fireball engulfs the efreet.
The efreet completely resists.
You hear an angry buzzing noise.
You hear an angry hiss.
You hear an angry buzzing noise.
You hear a shout! x2
You hear an angry buzzing noise. x2
You hit the efreet. You freeze the efreet.
You headbutt the efreet, but do no damage.
The efreet is heavily wounded.
The efreet hits you with a +1 scimitar of flaming!
* * * LOW HITPOINT WARNING * * *
The efreet burns you.
You die...

...###....##..##.#.#.P.P
#..#.##.....##....#....
#......#..##..##..#..##.
.#.#.....##..##..##.##
.#.##.P.#..##..##..#
...#....#....##....#
.....#...#.......†#.#
#..⌠.##....#####..#.#
#........###.###@#†#y
#......###....##R#.#.#
#....###....P..#.##. .
#....#....†...##.. .#.#
#.........##..#... #.
##......#....##.#.. ..
####...##...# . .# ##
#........#.. ..
#........#


You could see an efreet.

Vanquished Creatures
  2 hydras (D:13)
  A two-headed ogre (D:10)
  A manticore (D:11)
  5 cyclopes
  A gargoyle (D:13)
  A kobold demonologist (D:12)
  An efreet (D:10)
  A yaktaur (shapeshifter) (D:13)
  A freezing wraith (D:13)
  6 trolls
  A polar bear (shapeshifter) (D:13)
  4 slime creatures (D:8)
  Grinder (D:4)
  Sigmund (D:6)
  A wyvern (D:10)
  2 wraiths
  3 shadows (D:11)
  Eustachio (D:5)
  A basilisk (D:12)
  A vampire (D:13)
  10 yaks
  4 vampire mosquitoes
  Grum (D:11)
  Edmund (D:4)
  2 acid dragons (D:10)
  A water moccasin (D:6)
  An orc warrior (D:11)
  2 ice beasts
  Duvessa (D:6)
  2 black bears
  A sky beast (D:7)
  Purgy (Sewer)
  A necrophage (D:4)
  4 wolves (D:11)
  An ogre (D:6)
  10 centaurs
  A phantom (D:11)
  3 kobold brigands
  9 bullfrogs
  A scorpion (D:5)
  Dowan (D:6)
  A troll zombie (D:11)
  21 killer bees
  8 wights
  2 howler monkeys
  A centaur zombie (D:9)
  A jelly (D:6)
  4 hounds
  5 orc priests
  A bullfrog skeleton (D:5)
  A gnoll shaman (D:6)
  4 iguanas
  Natasha (twice) (D:4)
  12 orc wizards
  A killer bee zombie (D:8)
  5 ogre zombies (D:11)
  3 howler monkey zombies
  12 adders
  4 gnolls (D:2)
  A howler monkey skeleton (D:5)
  A shadow imp (D:7)
  A white imp (D:7)
  An ufetubus (D:7)
  2 worms
  35 orcs
  2 ball pythons
  4 endoplasms
  3 giant cockroaches
  6 hobgoblins
  12 jackals
  9 quokkas
  6 bats
  4 frilled lizards
  9 goblins
  3 goblin zombies (D:11)
  A hobgoblin skeleton (D:11)
  2 hobgoblin zombies (D:11)
  20 kobolds
  An orc skeleton (D:11)
  12 orc zombies (D:11)
  7 rats
324 creatures vanquished.

Vanquished Creatures (others)
  A killer bee (D:13)
  A dart slug (D:4)
  12 plants (D:13)
14 creatures vanquished.

Grand Total: 338 creatures vanquished

Notes
Turn   | Place    | Note
-------+----------+-------------------------------------------
     0 | D:1      | 27snakeeyes612 the Minotaur Berserker began the quest for
                  | the Orb.
     0 | D:1      | Reached XP level 1. HP: 19/19 MP: 0/0
   113 | D:1      | Reached XP level 2. HP: 22/27 MP: 1/1
   502 | D:1      | Reached ** piety under Trog
   880 | D:1      | Found a faded altar of an unknown god.
   888 | D:1      | Reached XP level 3. HP: 26/33 MP: 2/2
  1391 | D:2      | Reached XP level 4. HP: 29/41 MP: 3/3
  1650 | D:2      | Reached XP level 5. HP: 44/47 MP: 4/4
  1767 | D:2      | Found Pung's Weapon Shoppe.
  1840 | D:3      | Reached skill level 5 in Fighting
  1840 | D:3      | Reached skill level 5 in Axes
  1846 | D:3      | Reached *** piety under Trog
  2876 | D:4      | Found a staircase to the Ecumenical Temple.
  2889 | D:4      | Reached XP level 6. HP: 52/56 MP: 5/5
  2922 | D:4      | Noticed Natasha
  2931 | D:4      | Killed Natasha
  3022 | D:4      | Noticed Grinder
  3032 | D:4      | Killed Grinder
  3136 | D:4      | Noticed Edmund
  3149 | D:4      | Killed Edmund
  3150 | D:4      | Reached XP level 7. HP: 63/63 MP: 6/6
  3165 | D:4      | Reached skill level 5 in Armour
  3587 | D:4      | Reached skill level 5 in Dodging
  4033 | D:4      | Noticed Natasha
  4038 | D:4      | Killed Natasha
  4076 | D:4      | Identified the +1 scale mail of the Untouchables {*Corrode
                  | rElec Stlth+}
  4098 | D:4      | Found a glowing golden altar of the Shining One.
  4102 | D:4      | Noticed an angel
  4129 | D:4      | Found a basalt altar of Yredelemnul.
  4132 | D:4      | Noticed a profane servitor
  4212 | D:5      | Entered Level 5 of the Dungeon
  4481 | D:5      | Reached XP level 8. HP: 71/71 MP: 7/7
  4486 | D:5      | Noticed Eustachio
  4492 | D:5      | Killed Eustachio
  5167 | D:6      | Found a hide-covered altar of Uskayaw.
  5333 | D:6      | Reached **** piety under Trog
  5649 | D:6      | Found Geil Eru's Neck Hole.
  5686 | D:6      | Noticed Sigmund
  5703 | D:6      | Killed Sigmund
  5704 | D:6      | Reached XP level 9. HP: 76/81 MP: 8/8
  5762 | D:6      | Found a glowing drain.
  5776 | Sewer    | Entered a sewer
  5836 | Sewer    | Noticed Purgy
  5840 | Sewer    | Killed Purgy
  5933 | D:6      | Identified the +7 scimitar of Melee {holy, rPois rC+ Str+3}
  5955 | D:6      | Noticed Duvessa
  5955 | D:6      | Noticed Dowan
  5964 | D:6      | Killed Duvessa
  5967 | D:6      | Killed Dowan
  6066 | D:6      | Found a stormy altar of Qazlal.
  7015 | D:7      | Identified the ring of Boiqul {rC+ rN+ rCorr Str-3 Int+6}
  7207 | D:7      | Found a hazy altar of Hepliaklqana.
  7342 | D:8      | Found a staircase to the Lair.
  7576 | D:8      | Found Delesef's Distillery.
  7582 | D:8      | Bought a potion of curing for 39 gold pieces
  7582 | D:8      | Bought a potion of curing for 39 gold pieces
  7582 | D:8      | Bought a potion of might for 52 gold pieces
  7660 | D:8      | Reached XP level 10. HP: 91/91 MP: 9/9
  7782 | D:8      | Identified the +1 pair of gloves of Mellept {Slay+2}
  7933 | D:8      | Identified the ring of Bavvaewu {rC+ Str+2 Dex+3}
  8439 | D:9      | Reached skill level 10 in Fighting
  8439 | D:9      | Reached skill level 10 in Axes
  8913 | D:10     | Entered Level 10 of the Dungeon
  9186 | D:10     | Reached ***** piety under Trog
  9478 | D:10     | Found a sacrificial altar of Ru.
  9480 | D:10     | Found an iron altar of Okawaru.
  9540 | D:10     | Noticed a two-headed ogre
  9547 | D:10     | Killed a two-headed ogre
  9548 | D:10     | Reached skill level 10 in Armour
 10324 | D:11     | Found Woechod's Antique Weapon Boutique.
 10329 | D:11     | Noticed a cyclops
 10337 | D:11     | Killed a cyclops
 10421 | D:11     | Reached XP level 11. HP: 89/101 MP: 10/10
 10460 | D:11     | Noticed Grum
 10468 | D:11     | Killed Grum
 10672 | D:11     | Found a staircase to the Orcish Mines.
 10676 | D:11     | Received a gift from Trog
 10699 | D:11     | Reached skill level 10 in Dodging
 12249 | D:13     | Noticed a five-headed hydra
 12258 | D:13     | Killed a five-headed hydra
 12608 | D:13     | Reached XP level 12. HP: 112/112 MP: 11/11
 12636 | D:13     | Received a gift from Trog
 12863 | D:13     | Noticed a seven-headed hydra
 12875 | D:13     | Killed a 12-headed hydra
 12880 | D:13     | HP: 2/113 [efreet (8)]
 12880 | D:13     | Slain by an efreet

Illustrated notes

Levels and vault maps discovered:
D:1:      minmay_arrival_stair_chambers, layout_loops_ring,
          hellmonk_ecumenical_altar_dog_temple, item_on_display_a
D:2:      layout_basic, serial_shops, shop
D:3:      layout_basic
D:4:      layout_loops_cross, grunt_temple_overflow_holy_war,
          minmay_temple_entry_large_hall, patterned_corridor, uniq_grinder,
          uniq_natasha, uniq_edmund
D:5:      layout_loops_ring, hangedman_decor_peaks_small, uniq_eustachio
D:6:      kennysheep_spiral_hall, layout_basic, marbit_many_paths,
          lemuel_coloured_pillars_altar, cheibrodos_sewer_entry_bend,
          nicolae_shop_sticking_my_neck_out, uniq_sigmund, uniq_duvessa
D:7:      layout_loops_ring, overflow_temple_1_default
D:8:      layout_cave_pools, lair_entry_dummy, serial_shops, shop
D:9:      layout_loops_ring, kennysheep_generic_room_8
D:10:     layout_loops_ring, minitemple
D:11:     layout_rooms, zombieorc1_lemuel, serial_shops,
          nicolae_take_the_stairs, uniq_grum
D:12:     layout_roguey
D:13:     regret_index_wax_grids, layout_gridville

Skill      XL: |  1  2  3  4  5  6  7  8  9 10 11 12 |
---------------+-------------------------------------+-----
Fighting       | 4 5 6 8 9 10 12 | 12.4
Axes           | 4 5 6 8 9 10 12 | 12.4
Armour         | 3 4 5 7 8 10 11 12 | 12.0
Dodging        | 3 4 5 6 8 9 10 11 | 11.2

Action                   |  1- 3 |  4- 6 |  7- 9 | 10-12 || total
-------------------------+-------+-------+-------+-------++-------
Melee: Hand axe          |    65 |   118 |    18 |       ||   201
       Headbutt          |    10 |    20 |    59 |    73 ||   162
       War axe           |       |       |   201 |   299 ||   500
       Morningstar       |       |       |       |     6 ||     6
Invok: Berserk           |     1 |     3 |     1 |       ||     5
       Trog's Hand       |       |     2 |       |     1 ||     3
  Use: Potion            |       |       |     1 |       ||     1
       Scroll            |       |       |     9 |    13 ||    22
Armor: Animal skin       |     9 |       |       |       ||     9
       Ring mail         |    10 |    35 |    75 |     3 ||   123
       Chain mail        |       |       |       |    33 ||    33
       Plate armour      |       |       |       |   126 ||   126
Dodge: Dodged            |    38 |    68 |   153 |   323 ||   582

Table legend: (Time is in decaauts)
 A = Elapsed time spent in this place.
 B = Non-inter-level travel time spent in this place.
 C = Inter-level travel time spent in this place.
 D = Time resting spent in this place.
 E = Time spent auto-exploring this place.
 F = Levels seen in this place.
 G = Mean time per level.
                   A        B        C        D        E       F      G
               +--------+--------+--------+--------+--------+-----+--------+
         Total |  12961 |  12606 |    355 |    438 |  10566 |  14 |  925.8 |
       Dungeon |  12839 |  12484 |    355 |    438 |  10481 |  13 |  987.6 |
         Sewer |    121 |    121 |      0 |      0 |     85 |   1 |  121.0 |
               +--------+--------+--------+--------+--------+-----+--------+

Top non-repeatable levels by time:
    D:10: 1414 daAuts
     D:4: 1359 daAuts
     D:6: 1346 daAuts
     D:3: 1057 daAuts
     D:1: 1055 daAuts
    D:11: 995 daAuts
     D:5: 943 daAuts
    D:12: 921 daAuts
     D:8: 802 daAuts
     D:2: 792 daAuts
     D:9: 770 daAuts
     D:7: 756 daAuts
    D:13: 623 daAuts
   Sewer: 121 daAuts
